Construct Section Command Post
Selects Canadian Shock Battlegroup
Construct Platoon Command Post
Selects Offensive Resupply
Selects Canadian Shock Section
Construct Field Infirmary
Selects Incendiary Munitions
Unlock Bishop Self-propelled Artillery
Bishop Self-propelled Artillery
Construct Company Command Post
Unlock Towed 17-pounder Anti-tank Guns
17-pounder Anti-tank Gun Team
Unlock M3 Grant Medium Tanks
Selects Churchill Crocodile Heavy Tank
Churchill Crocodile Heavy Tank
17-pounder Anti-tank Gun Team